 Dungeon Crawl Stone Soup version 0.21.1-1-g345015f (webtiles) character file.

2235 pTCGFNYNwU3Fd6TS the Grappler (level 9, -2/84 HPs)
             Began as a Troll Berserker on June 15, 2018.
             Was an Elder of Trog.
             Slain by a scorpion (8 damage)
             ... on level 8 of the Dungeon.
             The game lasted 00:35:38 (5495 turns).

pTCGFNYNwU3Fd6TS the Grappler (Troll Berserker)     Turns: 5495, Time: 00:35:38

Health: -2/84      AC:  6    Str: 30    XL:     9   Next: 14%
Magic:  8/8        EV: 11    Int:  3    God:    Trog [****..]
Gold:   330        SH:  0    Dex:  9    Spells: 8/8 levels left

rFire    + . .     SeeInvis .     - Unarmed
rCold    . . .     Gourm    +   (no shield)
rNeg     . . .     Faith    .   a - +1 animal skin
rPois    .         Spirit   .   (helmet restricted)
rElec    .         Reflect  .   (no cloak)
rCorr    .         Harm     .   (gloves unavailable)
MR       +....                  (boots unavailable)
Stlth    +.........             (no amulet)
HPRegen  0.64/turn              o - ring of protection from fire
MPRegen  0.11/turn              d - ring of protection from magic

@: lethally poisoned (-2 -> -2), berserk cooldown, slowed, very slow
A: large, unfitting armour, claws 3, fast metabolism 3, gourmand, regeneration
1, shaggy fur 1, tough skin 2
a: Berserk, Trog's Hand, Brothers in Arms, Burn Spellbooks, Renounce Religion


You were on level 8 of the Dungeon.
You worshipped Trog.
Trog was greatly pleased with you.
You were very full.

You visited 1 branch of the dungeon, and saw 8 of its levels.

You collected 330 gold pieces.

Inventory:

Missiles
 g - 31 poisoned needles (quivered)
 v - 8 needles of sleeping
Armour
 a - a +1 animal skin (worn)
Magical Staves
 p - a cursed staff of summoning {unknown}
Jewellery
 d - a ring of protection from magic (right claw)
 o - a ring of protection from fire (left claw)
 q - an uncursed ring of stealth
Wands
 u - a wand of polymorph (13)
Scrolls
 f - a scroll of magic mapping
 k - 2 scrolls of enchant armour
 n - 5 scrolls of remove curse
 s - a scroll of noise {unknown}
 t - 2 scrolls of immolation
 w - a scroll of teleportation
 y - a scroll of enchant weapon {unknown}
Potions
 c - a potion of agility {unknown}
 e - a potion of invisibility {unknown}
 h - 3 potions of curing
 i - a potion of berserk rage {unknown}
 j - 3 potions of flight
 l - a potion of mutation {unknown}
 m - 2 potions of brilliance
 r - a potion of ambrosia {unknown}
 x - a potion of lignification {unknown}
Comestibles
 b - 14 rations
 z - a chunk of flesh


   Skills:
 * Level 4.3 Fighting
 * Level 2.8 Throwing
 * Level 5.2 Dodging
 * Level 9.8 Unarmed Combat


You had 8 spell levels left.
You didn't know any spells.

Dungeon Overview and Level Annotations

Branches:
Dungeon (8/15)             Temple (0/1) D:5
   Lair: D:8-11

Altars:
Dithmenos
Kikubaaqudgha
Nemelex Xobeh
Okawaru
Qazlal
Trog
Uskayaw
The Shining One

Shops:
D:6 *


Innate Abilities, Weirdness & Mutations

You are too large for most types of armour.
You have claws for hands.
Your metabolism is lightning-fast.
You like to eat raw meat.
Your natural rate of healing is unusually fast.
You are covered in fur. (AC +1)
You have very tough skin. (AC +2)


Message History

The scorpion stings you but does no damage.
The gnoll barely misses you.
You completely miss the gnoll.
The gnoll is severely wounded.
The scorpion stings you.
* * * LOW HITPOINT WARNING * * *
You are poisoned.
The scorpion poisons you! The gnoll misses you. The scorpion barely misses you.
You closely miss the gnoll.
The gnoll is severely wounded.
You feel sick. The gnoll closely misses you. The scorpion closely misses you.
You barely miss the gnoll.
The gnoll is severely wounded.
You feel sick. The gnoll misses you. The scorpion stings you.
* * * LOW HITPOINT WARNING * * *
You mangle the gnoll!!
You kill the gnoll!
Trog accepts your kill.
You feel sick. The scorpion stings you!
You die...

#. .# #.#.#
#.#.# #.#.#
#.#.# ##.#.#
#
#....###.###
#..s).......
#.##@.......
#.....###.###
#.#.#### #. #
#


You could see a scorpion.

Vanquished Creatures
  Edmund (D:4)
  Duvessa (D:5)
  An orc warrior (D:7)
  3 sky beasts
  2 centaurs
  A bullfrog (D:6)
  Dowan (D:5)
  2 scorpions (D:4)
  5 killer bees
  A vampire bat (D:6)
  2 howler monkeys
  A centaur zombie (D:6)
  2 crimson imps
  3 orc priests (D:5)
  2 hounds
  2 orc wizards
  2 bullfrog skeletons
  A centaur skeleton (D:5)
  Terence (D:2)
  Natasha (thrice) (D:3)
  An iguana (D:7)
  5 worker ants
  A hound zombie (D:6)
  A worker ant zombie (D:7)
  Robin (D:2)
  A howler monkey zombie (D:6)
  5 gnolls
  6 adders (D:2)
  A shadow imp (D:7)
  An ooze (D:2)
  An adder zombie (D:5)
  An adder skeleton (D:4)
  A worm (D:2)
  A dart slug (D:1)
  4 leopard geckos
  14 orcs
  3 bat skeletons (D:6)
  3 bat zombies (D:6)
  6 giant cockroaches
  16 goblins
  14 hobgoblins
  13 jackals
  10 kobolds
  A ball python (D:7)
  6 bats
  5 frilled lizards
  A quokka skeleton (D:5)
  6 rats
166 creatures vanquished.

Notes
Turn   | Place    | Note
-------+----------+-------------------------------------------
     0 | D:1      | pTCGFNYNwU3Fd6TS the Troll Berserker began the quest for the Orb.
     0 | D:1      | Reached XP level 1. HP: 22/22 MP: 0/0
   107 | D:1      | Reached XP level 2. HP: 29/29 MP: 1/1
   473 | D:1      | Reached XP level 3. HP: 34/36 MP: 2/2
   707 | D:2      | Noticed Robin
   719 | D:2      | Reached ** piety under Trog
   774 | D:2      | Killed Robin
   826 | D:2      | Reached skill level 4 in Unarmed Combat
   826 | D:2      | Reached XP level 4. HP: 43/44 MP: 3/3
  1102 | D:2      | Found a bloodstained altar of Trog.
  1636 | D:2      | Found an iron altar of Okawaru.
  1801 | D:2      | Noticed Terence
  1820 | D:2      | Killed Terence
  1820 | D:2      | Reached XP level 5. HP: 45/53 MP: 4/4
  1972 | D:3      | Reached *** piety under Trog
  2201 | D:3      | Found a hide-covered altar of Uskayaw.
  2213 | D:3      | Found a sparkling altar of Nemelex Xobeh.
  2218 | D:3      | Found a stormy altar of Qazlal.
  2283 | D:3      | Noticed Natasha
  2288 | D:3      | Killed Natasha
  2288 | D:3      | Reached skill level 5 in Unarmed Combat
  2413 | D:3      | Noticed Natasha
  2419 | D:3      | Killed Natasha
  2435 | D:3      | Noticed Natasha
  2450 | D:3      | Killed Natasha
  2712 | D:4      | Reached XP level 6. HP: 51/61 MP: 5/5
  2778 | D:5      | Entered Level 5 of the Dungeon
  2981 | D:4      | Reached skill level 6 in Unarmed Combat
  3192 | D:4      | Reached XP level 7. HP: 67/67 MP: 6/6
  3706 | D:5      | Reached skill level 1 in Throwing
  3706 | D:5      | Reached skill level 7 in Unarmed Combat
  3723 | D:5      | Noticed Edmund
  3770 | D:4      | Killed Edmund
  3878 | D:5      | Reached **** piety under Trog
  3913 | D:5      | Found a shadowy altar of Dithmenos.
  3931 | D:5      | Reached XP level 8. HP: 78/78 MP: 7/7
  3966 | D:5      | Found a staircase to the Ecumenical Temple.
  3974 | D:5      | Noticed Duvessa
  3984 | D:5      | Noticed Dowan
  3986 | D:5      | Killed Duvessa
  3986 | D:5      | Reached skill level 8 in Unarmed Combat
  4057 | D:5      | Killed Dowan
  4601 | D:6      | Reached skill level 9 in Unarmed Combat
  4665 | D:6      | Found Cidiotol's Assorted Antiques.
  4725 | D:6      | Reached skill level 5 in Dodging
  4879 | D:6      | Received a gift from Trog
  4892 | D:6      | Found an ancient bone altar of Kikubaaqudgha.
  5285 | D:7      | Found a glowing golden altar of the Shining One.
  5293 | D:7      | Reached XP level 9. HP: 76/84 MP: 8/8
  5495 | D:8      | Slain by a scorpion

Skill      XL: |  1  2  3  4  5  6  7  8 |
---------------+-------------------------+-----
Dodging        | 3 4 5 |  5.2
Unarmed Combat | 4 5 6 7 9 |  9.8
Fighting       | 3 4 |  4.3
Throwing       | 1 2 |  2.8

Action                   |  1- 3 |  4- 6 |  7- 9 || total
-------------------------+-------+-------+-------++-------
Melee: Unarmed           |   123 |   180 |   240 ||   543
       Punch             |     2 |     2 |    10 ||    14
Invok: Berserk           |       |     2 |     4 ||     6
       Trog's Hand       |       |       |     2 ||     2
  Use: Scroll            |       |     7 |     3 ||    10
       Potion            |       |       |     1 ||     1
 Stab: Sleeping          |       |     1 |     1 ||     2
  Eat: Chunk             |    13 |    17 |    28 ||    58
       Ration            |       |       |     1 ||     1
Armor: Animal skin       |    30 |    47 |    76 ||   153
Dodge: Dodged            |    58 |    75 |   172 ||   305
